 Dungeon Crawl Stone Soup version 0.19.1-1-g22dce08 (webtiles) character file.

1575 zhar the Covert (level 8, 0/52 HPs)
             Began as a Vampire Necromancer on Jan 18, 2017.
             Was a Believer of Kikubaaqudgha.
             Shot with an arrow by a centaur (15 damage)
             ... on level 6 of the Dungeon.
             The game lasted 01:50:03 (15211 turns).

zhar the Covert (Vampire Necromancer)              Turns: 15211, Time: 01:50:03

Health: 0/52       AC:  4    Str:  7    XL:     8   Next: 60%
Magic:  9/14       EV: 13    Int: 19    God:    Kikubaaqudgha [**....]
Gold:   214        SH:  0    Dex: 15    Spells: 5 memorised, 2 levels left

rFire  . . .     SeeInvis +     r - +0 short sword
rCold  + + .     Gourm    .     a - +0 robe
rNeg   + + +     Faith    .     (no shield)
rPois  ∞         Spirit   .     (no helmet)
rElec  .         Reflect  .     K - +0 cloak
rCorr  .         Harm     .     (no gloves)
MR     .....                    j - +0 pair of boots
Stlth  ++++++....               (no amulet)
                                (no ring)
                                (no ring)

@: very slightly contaminated, bloodless, non-regenerating
A: fangs 3, see invisible, unbreathing
a: Bat Form, Receive Corpses, Renounce Religion


You were on level 6 of the Dungeon.
You worshipped Kikubaaqudgha.
Kikubaaqudgha was pleased with you.
You were bloodless.

You visited 2 branches of the dungeon, and saw 7 of its levels.
You also visited: Sewer.

You collected 214 gold pieces.

Inventory:

Hand Weapons
 q - a +0 hunting sling
 r - a +0 short sword (weapon)
 C - a cursed -3 halberd
 D - a cursed -2 mace
 N - a +1 shortbow of flaming
Missiles
 p - 17 poisoned needles
Armour
 a - a +0 robe (worn)
 j - a +0 pair of boots (worn)
 K - a +0 cloak (worn)
 M - a +2 plate armour of poison resistance
Jewellery
 z - an uncursed amulet of guardian spirit
Wands
 f - a wand of digging (10/24)
 E - a wand of random effects (37/48)
Scrolls
 h - a scroll of noise
 k - 2 scrolls of fog {unknown}
 t - 2 scrolls of magic mapping {unknown}
 u - a scroll of blinking
 v - 4 scrolls of identify
 x - a scroll of enchant weapon {unknown}
 y - 4 scrolls of remove curse
 A - a scroll of amnesia {unknown}
 B - 2 scrolls of teleportation {unknown}
 H - a scroll of random uselessness {unknown}
 I - a scroll of recharging {unknown}
 J - a scroll of enchant armour {unknown}
Potions
 c - 22 potions of blood
 d - 3 potions of curing
 e - 3 potions of heal wounds
 g - a potion of flight {unknown}
 l - 3 potions of magic {unknown}
 m - a potion of ambrosia {unknown}
 n - 4 potions of might {unknown}
 o - a potion of lignification {unknown}
 w - 2 potions of degeneration {unknown}
Books
 b - a book of Necromancy

   Spells                             Type                      Level
   a - Pain                           Necromancy                   1
   b - Animate Skeleton               Necromancy                   1
   c - Vampiric Draining              Necromancy                   3
   d - Regeneration                   Charms/Necromancy            3
   e - Animate Dead                   Necromancy                   4
   f - Control Undead                 Necromancy                   4
 G - Kikubaaqudgha's Incunabulum of Sinister Arts
   (Kikubaaqudgha gifted it to you on level 2 of the Dungeon)

   Spells                             Type                      Level
   a - Pain                           Necromancy                   1
   b - Corpse Rot                     Necromancy                   2
   c - Sublimation of Blood           Necromancy                   2
   d - Vampiric Draining              Necromancy                   3
   e - Control Undead                 Necromancy                   4
 L - the Handbook of Ice and Changing
   (You found it on level 5 of the Dungeon)

   Spells                             Type                      Level
   a - Freeze                         Ice                          1
   b - Beastly Appendage              Transmutation                1
   c - Throw Frost                    Conjuration/Ice              2
   d - Metabolic Englaciation         Hexes/Ice                    5
   e - Blade Hands                    Transmutation                5
   f - Hydra Form                     Transmutation                6
Comestibles
 i - 6 bread rations
 s - 3 fruits
 O - a royal jelly


   Skills:
 - Level 0.1 Fighting
 - Level 4.2 Short Blades
 + Level 0.2 Slings
 - Level 2.6 Dodging
 - Level 10.1 Stealth
 - Level 4.1 Spellcasting
 * Level 6.4 Hexes
 - Level 6.5 Necromancy
 - Level 0.3 Evocations


You had 2 spell levels left.
You knew the following spells:

 Your Spells              Type           Power        Failure   Level  Hunger
a - Pain                  Necr           ####         1%          1    None
b - Vampiric Draining     Necr           ####......   2%          3    ###....
c - Animate Skeleton      Necr           N/A          1%          1    None
d - Regeneration          Chrm/Necr      ###.......   12%         3    ###....
e - Metabolic Englaciati  Hex/Ice        ###.......   91%         5    ######.


Dungeon Overview and Level Annotations

Branches:
Dungeon (6/15)             Temple (1/1) D:4

Altars:
Ashenzari
Cheibriados
Dithmenos
Elyvilon
Gozag
Kikubaaqudgha
Makhleb
Nemelex Xobeh
Okawaru
Ru
Sif Muna
Trog
Uskayaw
Vehumet
Xom
Yredelemnul
Zin
The Shining One

Shops:
D:4 *

Annotations:
D:3 Vorshek's ghost, amateur HuNe
D:5 2 runed doors


Innate Abilities, Weirdness & Mutations

You do not heal naturally.
You are immune to poison.
You have razor-sharp teeth.
You have supernaturally acute eyesight. (SInv)
You can survive without breathing.


Message History

An orc wizard comes into view. It is wielding a dagger.
The centaur shoots an arrow.
The arrow barely misses you.
You see here an arrow.
Casting: Pain
Confirm with . or Enter, or press ? or * to list all spells.
Your skin crawls.
The orc wizard shouts!
The centaur shoots an arrow.
The arrow hits you!
The centaur shoots an arrow.
The arrow hits you.
Casting: Regeneration
Confirm with . or Enter, or press ? or * to list all spells.
Aiming: Pain
Press: ? - help, Shift-Dir - straight line, f - orc wizard
Aim: an orc wizard, wielding a dagger and wearing a robe (chance to defeat MR: 84%)
The orc wizard writhes in agony!
The centaur shoots an arrow.
The arrow hits you!
* * * LOW HITPOINT WARNING * * *
The centaur shoots an arrow.
The arrow hits you!
You die...
Kikubaaqudgha rasps: "You have failed me!
Welcome... oblivion!"

.### #.########.. ..... ###
#<# ### ..### #.. ..# #.#
...# #.# #.# #.# ...# #c#
#/# #.# #..# #.# #o# #.# ..#
#.# #.# #.# ..##### #.# #(#
#.# .. ...# #.# #@# #.# #.
#.###(# #.# #.
##...(.####.## #.
#...####..c..# ########
#.###...###c#.#.####≈#≈≈#≈#
#.......c..###..##≈≈≈##≈#≈#
##..........#.####≈#≈##≈#≈#
###.........#.#####≈#≈#≈≈#≈#
†.................#≈#≈#≈##≈#


You could see a centaur and an orc wizard.

Vanquished Creatures
  A water moccasin (D:4)
  An orc warrior (D:5)
  An ogre (D:4)
  2 centaurs (D:5)
  3 bullfrogs
  A howler monkey (D:5)
  A crimson imp (D:5)
  A jelly (D:5)
  3 hounds
  2 orc priests (D:4)
  A bullfrog skeleton (D:5)
  2 orc wizards (D:5)
  2 worker ants
  An iguana (D:5)
  A hound skeleton (D:1)
  A worker ant zombie (D:5)
  Robin (D:2)
  7 gnolls (D:4)
  5 river rats (Sewer)
  19 adders
  3 shadow imps (D:5)
  2 oozes (D:2)
  An adder skeleton (D:5)
  8 worms
  2 dart slugs
  6 leopard geckos
  12 orcs
  13 ball pythons
  4 giant cockroaches (D:2)
  18 goblins
  10 hobgoblins
  4 jackals
  4 kobolds
  2 quokkas
  8 bats
  6 frilled lizards
  2 jackal skeletons
  A leopard gecko skeleton (D:4)
  A quokka skeleton (D:4)
  A quokka zombie (D:5)
  32 rats
196 creatures vanquished.

Vanquished Creatures (collateral kills)
  A ball python (Sewer)
1 creature vanquished.

Grand Total: 197 creatures vanquished

Notes
Turn   | Place    | Note
-------+----------+-------------------------------------------
     0 | D:1      | zhar the Vampire Necromancer began the quest for the Orb.
     0 | D:1      | Reached XP level 1. HP: 13/13 MP: 3/3
   700 | D:1      | Reached XP level 2. HP: 19/19 MP: 3/5
   896 | D:2      | Reached skill level 5 in Necromancy
  1553 | D:2      | Reached XP level 3. HP: 22/24 MP: 2/6
  1556 | D:2      | Noticed Robin
  1696 | D:2      | Learned a level 3 spell: Vampiric Draining
  1702 | D:2      | Learned a level 1 spell: Animate Skeleton
  2531 | D:2      | Noticed a moth of wrath
  2671 | D:2      | Reached XP level 4. HP: 30/30 MP: 3/8
  3375 | D:2      | Killed Robin
  4606 | D:3      | Reached XP level 5. HP: 35/35 MP: 4/9
  4873 | D:3      | Noticed Vorshek's ghost (amateur HuNe)
  5532 | D:3      | Found a sparkling altar of Nemelex Xobeh.
  6144 | D:4      | Learned a level 3 spell: Regeneration
  6162 | D:4      | Reached skill level 4 in Stealth
  6532 | D:4      | Found a staircase to the Ecumenical Temple.
  6537 | Temple   | Entered the Ecumenical Temple
  6555 | Temple   | Became a worshipper of Kikubaaqudgha
  6979 | D:4      | Reached XP level 6. HP: 41/41 MP: 4/11
  7923 | D:4      | Found Muyddum's Serpentskin Sales.
  8436 | D:4      | Reached skill level 5 in Stealth
  8514 | D:4      | Reached skill level 6 in Stealth
  8722 | D:4      | Reached skill level 1 in Short Blades
  9404 | D:1      | Reached XP level 7. HP: 35/46 MP: 13/13
  9546 | D:2      | Reached * piety under Kikubaaqudgha
  9546 | D:2      | Identified Kikubaaqudgha's Incunabulum of Sinister Arts (Kikubaaqudgha gifted it to you on level 2 of the Dungeon)
  9546 | D:2      | Received a gift from Kikubaaqudgha
  9719 | D:2      | Found a bloodstained altar of Trog.
 10604 | D:5      | Entered Level 5 of the Dungeon
 11700 | D:5      | Found a large runed door.
 11701 | D:5      | Found a large runed door.
 11812 | D:5      | Reached skill level 7 in Stealth
 11831 | D:5      | Identified the Handbook of Ice and Changing
 11868 | D:5      | Found a large runed door.
 11868 | D:5      | Found a large runed door.
 11917 | D:5      | Reached skill level 8 in Stealth
 12374 | D:5      | Noticed a komodo dragon
 12415 | D:5      | Reached skill level 9 in Stealth
 12886 | D:5      | Found a faded altar of an unknown god.
 12886 | D:5      | Found a faded altar of an unknown god.
 12892 | D:5      | Found a shattered altar of Ashenzari.
 12895 | D:5      | Found a faded altar of an unknown god.
 12896 | D:5      | Found a faded altar of an unknown god.
 13057 | D:5      | Reached XP level 8. HP: 43/52 MP: 10/14
 13181 | D:4      | Reached skill level 10 in Stealth
 13279 | D:5      | Learned a level 5 spell: Metabolic Englaciation
 13582 | D:6      | Found a glowing drain.
 13591 | Sewer    | Entered a sewer
 13758 | Sewer    | Reached ** piety under Kikubaaqudgha
 14289 | Sewer    | Reached skill level 5 in Hexes
 15211 | D:6      | Shot with an arrow by a centaur

Skill      XL: |  1  2  3  4  5  6  7  8 |
---------------+-------------------------+-----
Necromancy     | 5 6 |  6.5
Spellcasting   | 3 4 |  4.1
Stealth        | 4 6 9 10 | 10.1
Short Blades   | 1 3 4 |  4.2
Hexes          | 6 |  6.4
Fighting       | |  0.1
Slings         | |  0.2
Dodging        | |  2.6
Evocations     | |  0.3

Action                   |  1- 3 |  4- 6 |  7- 9 || total
-------------------------+-------+-------+-------++-------
Melee: Short sword       |    19 |    97 |   157 ||   273
       Unarmed           |     1 |       |       ||     1
       Bite              |       |     6 |    14 ||    20
 Cast: Pain              |    41 |   170 |   136 ||   347
       Vampiric Draining |     1 |    18 |    15 ||    34
       Animate Skeleton  |     1 |     3 |     5 ||     9
       Regeneration      |       |       |     2 ||     2
Invok: Receive Corpses   |       |       |     1 ||     1
 Abil: End Transformatio |       |     1 |     1 ||     2
       Bat Form          |       |     1 |     1 ||     2
  Use: Potion            |     1 |     8 |    10 ||    19
       Scroll            |       |     2 |     6 ||     8
 Stab: Sleeping          |     3 |    12 |    16 ||    31
       Distracted        |       |       |     3 ||     3
  Eat: Corpse            |       |       |     1 ||     1
Armor: Robe              |     7 |    31 |    37 ||    75
Dodge: Dodged            |    14 |    85 |   148 ||   247
